 Dungeon Crawl Stone Soup version 0.30.0-30-g96aa6591b8 (webtiles) character file.

Game seed: 7574101326777265075

117 Chiseanne the Sneak (level 5, -5/37 HPs)
             Began as an Octopode Delver on June 28, 2023.
             Slain by a wight
             ... wielding a +2 hand axe of freezing
              (13 damage)
             ... on level 6 of the Dungeon.
             The game lasted 00:00:46 (61 turns).

Chiseanne the Sneak (Octopode Delver)                 Turns: 61, Time: 00:00:47

Health: -5/37      AC:  1    Str: 11    XL:     5   Next: 1%
Magic:  5/5        EV: 14    Int: 12    God:
Gold:   20         SH:  0    Dex: 16    Spells: 4/4 levels left

rFire   . . .        a - +0 short sword
rCold   . . .        (no shield)
rNeg    . . .        (helmet restricted)
rPois   .            (no amulet)
rElec   .            (no ring)
rCorr   .            (no ring)
SInv    .            (no ring)
Will    .....        (no ring)
Stlth   +++++        (no ring)
HPRegen 0.26/turn    (no ring)
MPRegen 0.09/turn    (no ring)
                     (no ring)

%: no passive effects
@: no status effects
A: almost no armour, amphibious, 8 rings, camouflage 1, gelatinous body 1,
(nimble swimmer 1), tentacles
a: no special abilities


You were on level 6 of the Dungeon.
You visited 1 branch of the dungeon, and saw 2 of its levels.

You collected 20 gold pieces.

Inventory:

Hand Weapons
 a - a +0 short sword (weapon)
Wands
 f - a wand of digging (3)
Scrolls
 b - a scroll of fog
Potions
 e - a potion of haste
 g - a potion of mutation {unknown}


   Skills:
 * Level 4.0 Fighting
 - Level 2.0 Short Blades
 * Level 3.3 Dodging
 * Level 7.6 Stealth


You had 4 spell levels left.
You didn't know any spells.
Your spell library was empty.

Dungeon Overview and Level Annotations

Branches:
Dungeon (6/15)
 Temple: D:4-7

Altars:
Makhleb
Vehumet
Yredelemnul


Innate Abilities, Weirdness & Mutations

You cannot wear most types of armour.
You are amphibious.
You can wear up to eight rings at the same time.
Your skin changes colour to match your surroundings (Stealth+).
Your rubbery body absorbs attacks. (AC +1, EV +1)
((You are camouflaged when in or above water. (Stealth+)))
You have tentacles for arms and can constrict up to eight enemies at once.


Message History

You see here 20 gold pieces.
You now have 20 gold pieces.
A jelly comes into view.
As you open the door, it creaks loudly!
The jelly quivers.
The wight barely misses you.
Found a burning altar of Makhleb.
The wight attacks as you move away! The wight hits you with a +3 hand axe!
You feel drained.
There is an open door here.
You barely miss the wight. You grab the wight.
You constrict the wight, but do no damage.
The wight hits you with a +3 hand axe!
You hit the wight. You squeeze the wight!
The wight is severely damaged.
You constrict the wight, but do no damage.
The wight closely misses you.
You hit the wight.
The wight is almost destroyed.
You constrict the wight, but do no damage.
A wight comes into view. It is wielding a +0 scimitar.
The wight hits you with a +3 hand axe!
* * * LOW HITPOINT WARNING * * *
You hit the wight. You squeeze the wight.
You destroy the wight!
Your life force feels restored.
Your Fighting skill increases to level 4!
Your Dodging skill increases to level 3!
You have reached level 5!
You feel agile.
As you read the scroll of fear, it crumbles to dust.
You assume a fearsome visage.
The iguana looks frightened!
The wight is unaffected.
The jelly looks frightened!
You open the door. The wight attacks as you move away! The wight misses you.
A black bear comes into view.
There is an open door here.
The wight attacks as you move away!
The wight hits you with a +2 hand axe of freezing!
You die...

..#.#z# #+# #.. l.
.. #.# #.# .#
....###.###.##J####
....###_..)z......#
...###z###.......#
... #.# #.......#
....###z###.......#
.......@..........#
..#..##....########
##.#.h##.#######
.###......<......#
.................#
.................#
...###.###########
#. #. #.


You could see a black bear (wandering) and 2 wights.

Vanquished Creatures
  A bullfrog (D:6)
  A wight (D:6)
2 creatures vanquished.

Notes
Turn   | Place    | Note
-------+----------+-------------------------------------------
     0 | D:5      | Chiseanne the Octopode Delver began the quest for the Orb.
     0 | D:5      | Reached XP level 1. HP: 16/16 MP: 1/1
    14 | D:5      | Found a basalt altar of Yredelemnul.
    14 | D:5      | Found a radiant altar of Vehumet.
    27 | D:6      | Noticed a bullfrog
    33 | D:6      | Killed a bullfrog
    34 | D:6      | Reached skill level 7 in Stealth
    34 | D:6      | Reached XP level 2. HP: 22/22 MP: 2/2
    34 | D:6      | Reached XP level 3. HP: 27/27 MP: 3/3
    34 | D:6      | Reached XP level 4. HP: 33/33 MP: 4/4
    47 | D:6      | Found a burning altar of Makhleb.
    54 | D:6      | Reached XP level 5. HP: 6/37 MP: 5/5
    59 | D:6      | Noticed a black bear
    61 | D:6      | Slain by a wight

Illustrated notes

Levels and vault maps discovered:
D:5:      old_forge, layout_layer_cave, gammafunk_temple_overflow_wave,
          uniq_pikel
D:6:      layout_rooms, lemuel_doored_altar, mainiacjoe_overflow_tiny_flanked,
          minmay_temple_entry_junction_2, serial_shops, shop, uniq_edmund

Skill      XL: |  1  2  3  4 |
---------------+-------------+-----
Stealth        | 7 |  7.6
Fighting       | 4 |  4.0
Dodging        | 3 |  3.3
Short Blades   | |  2.0

Action                     |  1- 3 |  4- 6 || total
---------------------------+-------+-------++-------
  Melee: Short sword       |     3 |     4 ||     7
         Constrict         |     1 |     1 ||     2
         Tentacles         |       |     2 ||     2
    Use: Scroll            |     1 |     1 ||     2
   Stab: Sleeping          |     1 |       ||     1
  Dodge: Dodged            |     3 |     3 ||     6
